 Dungeon Crawl Stone Soup version 0.25.0-1-g7eea58d2a3 (console) character file.

Game seed: 6412357490410151158

828 Garrluk the Cleaver (level 7, -2/59 (61) HPs)
             Began as a Deep Dwarf Berserker on June 14, 2020.
             Was a Follower of Trog.
             Shot with an arrow by a centaur (6 damage)
             ... on level 7 of the Dungeon.
             The game lasted 00:12:13 (1225 turns).

Garrluk the Cleaver (Deep Dwarf Berserker)          Turns: 1225, Time: 00:12:13

HP:   -2/59 (61)    AC:  5    Str: 22    XL:     7   Next: 64%
MP:   10/10         EV: 11    Int: 14    God:    Trog [*.....]
Gold: 89            SH:  0    Dex: 12    Spells: 6/6 levels left

rFire    . . .     SeeInvis .   a - +0 hand axe
rCold    . . .     Gourm    .   (no shield)
rNeg     + . .     Faith    .   i - +0 ring mail (curse)
rPois    .         Spirit   .   (no helmet)
rElec    .         Reflect  .   (no cloak)
rCorr    .         Harm     .   (no gloves)
MR       +....                  (no boots)
Stlth    +.........             (no amulet)
HPRegen  0.00/turn              e - +6 ring of intelligence
MPRegen  0.12/turn              u - ring of positive energy

@: lethally poisoned (-2 -> -2), non-regenerating
A: damage resistance, heal wounds, sense surroundings 1, no regeneration
a: Heal Wounds, Berserk, Renounce Religion


You were on level 7 of the Dungeon.
You worshipped Trog.
Trog was aware of your devotion.
You were not hungry.

You visited 1 branch of the dungeon, and saw 7 of its levels.

You collected 89 gold pieces.

Inventory:

Hand Weapons
 a - a +0 hand axe (weapon)
Missiles
 l - 12 stones
 v - 2 boomerangs (quivered)
Armour
 i - a cursed +0 ring mail (worn)
Jewellery
 e - a +6 ring of intelligence (left hand)
 u - a ring of positive energy (right hand)
Wands
 o - a wand of disintegration (11)
 t - a wand of digging (6)
Scrolls
 d - 2 scrolls of amnesia {unknown}
 m - 5 scrolls of identify {unknown}
 n - 3 scrolls of teleportation {unknown}
 q - 2 scrolls of enchant armour {unknown}
 r - a scroll of fear {unknown}
 s - 2 scrolls of remove curse {unknown}
 w - a scroll of noise {unknown}
Potions
 b - a potion of might {unknown}
 f - a potion of flight {unknown}
 g - a potion of heal wounds {unknown}
 h - a potion of haste {unknown}
 j - a potion of curing {unknown}
 p - a potion of brilliance {unknown}
Comestibles
 c - 6 rations
 k - 4 chunks of flesh


   Skills:
 - Level 2.6 Fighting
 * Level 9.2 Axes
 - Level 2.1 Armour
 - Level 2.1 Dodging
 + Level 4.6 Evocations


You had 6 spell levels left.
You didn't know any spells.
Your spell library was empty.

Dungeon Overview and Level Annotations

Branches:
Dungeon (7/15)
 Temple: D:4-7

Altars:
Yredelemnul

Annotations:
D:3 2 runed translucent doors, Lidrolic's ghost, amateur HuFi


Innate Abilities, Weirdness & Mutations

You are resistant to damage.
You can heal yourself by infusing magical energy.
You passively map a small area around you.
You do not regenerate.


Message History

You feel yourself speed up.
A centaur comes into view.
The centaur shouts!
The centaur wields a +0 shortbow.
The centaur shoots an arrow.
The arrow barely misses you.
Things that are here:
an arrow; a Fen Folio The centaur shoots an arrow.
The arrow hits you!
* * * LOW HITPOINT WARNING * * *
The centaur shoots an arrow.
The arrow closely misses you.
You see here an arrow.
The centaur shoots an arrow.
The arrow hits you!
* * * LOW HITPOINT WARNING * * *
Things that are here:
an arrow; a Fen Folio The centaur shoots an arrow.
The arrow barely misses you.
The centaur shoots an arrow.
The arrow closely misses you.
The centaur shoots an arrow.
The arrow hits you!
* * * LOW HITPOINT WARNING * * *
You recover from your berserk rage.
The centaur shoots an arrow.
The arrow hits you!
You die...

** , ,, , , * , , *
, , , , ,, ,..##..
,,, , , , ,
.........#... ,, ,
........#.)## , ,
....##.......#... ,
, , ....#.......#..#
* #.........#.(..# ,
, .........#.....# ,
.......c.@.....## ,
, ........##(.....#
,
.......###......##..
, ,
.......((..........#
........(...<.##(..#
,
.................###
*
............#.##....
,
............#..#,.##
,
......>.............
##..#............. .
...#............., ,


You could see a centaur.

Vanquished Creatures
  A water moccasin (D:6)
  An ice beast (D:7)
  A sky beast (D:6)
  A necrophage (D:6)
  An ogre (D:6)
  A scorpion (D:4)
  A howler monkey (D:6)
  An orc priest (D:6)
  4 orc wizards (D:6)
  2 worker ants
  A worker ant zombie (D:6)
  5 adders
  A dart slug (D:1)
  2 leopard geckos
  3 orcs
  2 giant cockroaches
  3 goblins (D:2)
  4 hobgoblins
  5 jackals
  4 kobolds
  3 quokkas
  A ball python (D:1)
  2 bats
  2 frilled lizards
  2 jackal skeletons
  A quokka zombie (D:6)
  2 rats
57 creatures vanquished.

Notes
Turn   | Place    | Note
-------+----------+-------------------------------------------
     0 | D:1      | Garrluk the Deep Dwarf Berserker began the quest for the
                  | Orb.
     0 | D:1      | Reached XP level 1. HP: 20/20 MP: 1/1
    94 | D:1      | Reached XP level 2. HP: 13/27 MP: 2/2
   107 | D:1      | Reached skill level 4 in Axes
   242 | D:2      | Reached XP level 3. HP: 20/33 MP: 3/3
   343 | D:3      | Reached skill level 5 in Axes
   370 | D:3      | Reached ** piety under Trog
   398 | D:3      | Found a large runed translucent door.
   399 | D:3      | Found a large runed translucent door.
   401 | D:3      | Noticed Lidrolic's ghost (amateur HuFi)
   472 | D:4      | Found a basalt altar of Yredelemnul.
   499 | D:4      | Reached XP level 4. HP: 12/40 MP: 4/4
   638 | D:4      | Reached skill level 6 in Axes
   673 | D:4      | Reached XP level 5. HP: 27/46 MP: 5/5
   700 | D:5      | Entered Level 5 of the Dungeon
   730 | D:6      | Noticed an ogre
   744 | D:6      | Killed an ogre
   744 | D:6      | Reached skill level 7 in Axes
   814 | D:6      | Noticed a water moccasin
   826 | D:6      | Killed a water moccasin
   826 | D:6      | Reached XP level 6. HP: 47/55 MP: 5/7
   880 | D:6      | Noticed a sky beast
   893 | D:6      | Reached skill level 8 in Axes
   902 | D:6      | Killed a sky beast
   902 | D:6      | Reached XP level 7. HP: 27/61 MP: 7/9
  1181 | D:7      | Reached skill level 9 in Axes
  1225 | D:7      | Shot with an arrow by a centaur

Illustrated notes

Levels and vault maps discovered:
D:1:      lightli_iron_boxes, layout_basic, minivault_5
D:2:      layout_loops_ring, chequers_temple_overflow_statue_of_worship,
          first_ration, chequers_serial_rivers_small_3
D:3:      layout_basic, fedhas_altar_4, ebering_ghost_disaster_area
D:4:      layout_cave_pods, yredelemnul_altar_generic, grunt_ministairs_1,
          lightli_corner_chamber, uniq_ijyb, uniq_sigmund, uniq_robin
D:5:      layout_loops_cross, minmay_temple_entry_proselytizer,
          ebering_ghost_sewer_d, serial_shops, nicolae_shop_window_shopping,
          tso_metal_star
D:6:      layout_basic, lemuel_coloured_pillars_altar
D:7:      layout_cave_pools, grunt_livestock, uniq_joseph

Skill      XL: |  1  2  3  4  5  6  7 |
---------------+----------------------+-----
Axes           | 4 5 6 7 8 9 |  9.2
Evocations     | 2 3 4 |  4.6
Fighting       | |  2.6
Armour         | |  2.1
Dodging        | |  2.1

Action                   |  1- 3 |  4- 6 |  7- 9 || total
-------------------------+-------+-------+-------++-------
Melee: Hand axe          |   128 |    94 |    57 ||   279
Throw: Stone             |       |     3 |       ||     3
Invok: Berserk           |     1 |     4 |     3 ||     8
       Trog's Hand       |       |     5 |     4 ||     9
 Abil: Heal Wounds       |     1 |       |       ||     1
Evoke: Wand              |       |       |     2 ||     2
 Stab: Sleeping          |     1 |       |       ||     1
  Eat: Chunk             |       |     6 |     6 ||    12
Armor: Animal skin       |    22 |       |       ||    22
       Ring mail         |    17 |    32 |    15 ||    64
Dodge: Dodged            |    78 |    44 |    37 ||   159
